 Dungeon Crawl Stone Soup version 0.30-a0-743-gbfdf073431 (webtiles) character file.

Game seed: 5693103705536506233

1621 Dittersdorf the Covered (level 8, -3/52 HPs)
             Began as a Gargoyle Fighter on Feb 7, 2023.
             Was a Follower of Okawaru.
             Slain by a wyvern (12 damage)
             ... on level 7 of the Dungeon.
             The game lasted 00:05:29 (5292 turns).

Dittersdorf the Covered (Gargoyle Fighter)          Turns: 5292, Time: 00:05:29

Health: -3/52      AC: 14    Str: 26    XL:     8   Next: 96%
Magic:  2/2        EV:  9    Int: 11    God:    Okawaru [*.....]
Gold:   337        SH:  6    Dex: 12    Spells: 7/7 levels left

rFire   . . .      SeeInvis .    f - +8 flail "Dragon's Tongue" {antimagic, *Noise Str+4 Int+2 Dex+3}
rCold   . . .      Faith    .    c - +1 buckler
rNeg    + . .      Spirit   .    b - +0 scale mail
rPois   ∞          Reflect  .    a - +0 helmet
rElec   +          Harm     .    (no cloak)
rCorr   +          Rampage  .    (no gloves)
Will    .....                    (no boots) Stlth
                                 (no amulet)
HPRegen 0.28/turn                s - ring of resist corrosion
MPRegen 0.08/turn                (no ring)

@: no status effects
A: sickness immunity, AC +5, negative energy resistance 1, electricity
resistance, torment resistance 1, petrification resistance
a: Renounce Religion, Heroism


You were on level 7 of the Dungeon.
You worshipped Okawaru.
Okawaru was aware of your devotion.
You visited 2 branches of the dungeon, and saw 8 of its levels.

You collected 337 gold pieces.

Inventory:

Hand Weapons
 f - the +8 flail "Dragon's Tongue" (weapon) {antimagic, *Noise Str+4 Int+2 Dex+3}
   (You found it on level 4 of the Dungeon)

   Str:       It affects your strength (+4).
   Int:       It affects your intelligence (+2).
   Dex:       It affects your dexterity (+3).
   *Noise:    It may make noises in combat.
 p - a +1 demon whip of draining
Missiles
 n - 10 poisoned darts (quivered)
Armour
 a - a +0 helmet (worn)
 b - a +0 scale mail (worn)
 c - a +1 buckler (worn)
Jewellery
 s - a ring of resist corrosion (left hand)
 u - an amulet of the acrobat
Wands
 k - a wand of paralysis (15)
Scrolls
 g - 3 scrolls of teleportation
 o - 2 scrolls of fog
Potions
 d - 3 potions of might
 e - 3 potions of mutation {unknown}
 h - a potion of cancellation {unknown}
 i - 2 potions of magic {unknown}
 j - 2 potions of lignification {unknown}
 l - 2 potions of haste {unknown}
 m - 4 potions of brilliance
 q - a potion of heal wounds
 r - 2 potions of curing


   Skills:
 + Level 6.8 Fighting
 + Level 5.8 Maces & Flails
 + Level 6.8 Armour
 + Level 6.8 Shields


You had 7 spell levels left.
You didn't know any spells.
Your spell library contained the following spells:

 Spells                   Type           Power      Damage    Failure   Level
 Anguish                  Hex/Necr       0%         N/A       100%        4
 Enfeeble                 Hex            0%         N/A       100%        7


Dungeon Overview and Level Annotations

Branches:
Dungeon (7/15)             Temple (1/1) D:5

Altars:
Cheibriados
Dithmenos
Fedhas
Gozag
Hepliaklqana
Kikubaaqudgha
Makhleb
Okawaru
Qazlal
Ru
Trog
Uskayaw
Vehumet
Wu Jian
Xom
Yredelemnul
Zin
The Shining One


Innate Abilities, Weirdness & Mutations

You are immune to sickness and miasma.
Your stone body is resilient. (AC +5)
You are immune to poison.
You resist negative energy. (rN+)
You are resistant to electric shocks. (rElec)
You are resistant to unholy torment.
You are immune to petrification.


Message History

You are too injured to fight recklessly!
You are too injured to fight recklessly!
You are too injured to fight recklessly!
The centaur wields a +0 shortbow.
The centaur shoots an arrow.
You block the arrow. The hound bites you but does no damage.
The hound closely misses you. The hound barely misses you.
The wyvern bites you but does no damage.
The wyvern attacks as you move away! The wyvern barely misses you.
You block the hound's attack.
The hound pauses to sniff the ground.
The orc wizard gestures wildly while chanting.
The orc wizard flickers and vanishes!
Deactivating autopickup; reactivate with Ctrl-A.
You sock the hound!
The hound is heavily wounded.
The hound bites you but does no damage. x2
You barely miss the hound.
The hound is heavily wounded.
You block the hound's attack. The hound barely misses you.
You barely miss the hound.
The hound is heavily wounded.
The hound bites you but does no damage.
An ogre comes into view. It is wielding a +0 giant club.
You barely miss the hound.
The hound is heavily wounded.
The hound barely misses you. The hound bites you but does no damage.
You barely miss the hound.
Your flail "Dragon's Tongue" regales you with its life story.
The hound is heavily wounded.
You hear a croak.
The hound bites you but does no damage.
You sock the hound!
You kill the hound!
Okawaru accepts your kill. The wyvern bites you!
* * * LOW HITPOINT WARNING * * *
You closely miss the wyvern.
Your flail "Dragon's Tongue" hiccups loudly.
The wyvern bites you!
You die...

##### ##.
#...# ....
#...#
##...#
#...##...#
#.O.c.#
#c#.##....#
#l#o..
##...
#@###.^. .
#...###...
###...# ..
###.## ##
#<.#..#
##..# ##.#
..# #.#


You could see a wyvern, an ogre and a centaur.

Vanquished Creatures
  A wraith (D:6)
  A steam dragon (D:6)
  A water moccasin (D:7)
  An orc warrior (D:6)
  An ice beast (D:6)
  An ogre (D:5)
  A bullfrog (D:7)
  5 scorpions
  6 hounds
  3 iguanas
  Terence (D:3)
  Natasha (thrice) (D:2)
  2 orc wizards
  Robin (D:3)
  9 adders
  A shadow imp (D:5)
  2 worms
  A dart slug (D:3)
  14 orcs
  5 bats
  2 endoplasms
  5 giant cockroaches
  15 goblins
  11 hobgoblins
  9 ball pythons
  6 frilled lizards
  6 kobolds
  5 rats
119 creatures vanquished.

Vanquished Creatures (others)
  A white imp (D:6)
1 creature vanquished.

Grand Total: 120 creatures vanquished

Notes
Turn   | Place    | Note
-------+----------+-------------------------------------------
     0 | D:1      | Dittersdorf the Gargoyle Fighter began the quest for the
                  | Orb.
     0 | D:1      | Reached XP level 1. HP: 14/14 MP: 1/1
   223 | D:1      | Reached XP level 2. HP: 19/19 MP: 2/2
   753 | D:2      | Reached XP level 3. HP: 15/23 MP: 3/3
  1263 | D:2      | Reached XP level 4. HP: 27/29 MP: 4/4
  1361 | D:2      | Noticed Natasha
  1367 | D:2      | Killed Natasha
  1521 | D:2      | Noticed Natasha
  1531 | D:2      | Killed Natasha
  1532 | D:2      | Reached XP level 5. HP: 25/33 MP: 5/5
  1560 | D:2      | Noticed Natasha
  1571 | D:2      | Killed Natasha
  1812 | D:3      | Noticed Robin
  1823 | D:3      | Killed Robin
  1979 | D:3      | Found a sacrificial altar of Ru.
  1993 | D:3      | Reached XP level 6. HP: 39/39 MP: 6/6
  2141 | D:3      | Noticed Terence
  2152 | D:3      | Killed Terence
  2948 | D:4      | Identified the +8 flail "Dragon's Tongue" {antimagic,
                  | *Noise Str+4 Int+2 Dex+3}
  3256 | D:4      | Reached skill level 5 in Fighting
  3256 | D:4      | Reached skill level 5 in Armour
  3256 | D:4      | Reached skill level 5 in Shields
  3256 | D:4      | Reached XP level 7. HP: 44/44 MP: 2/7
  3456 | D:5      | Entered Level 5 of the Dungeon
  4085 | D:5      | Found a staircase to the Ecumenical Temple.
  4178 | Temple   | Entered the Ecumenical Temple
  4348 | Temple   | Became a worshipper of Warmaster Okawaru
  4410 | D:6      | Noticed a wraith
  4418 | D:6      | Killed a wraith
  4419 | D:6      | Reached XP level 8. HP: 36/51 MP: 2/8
  4538 | D:6      | Reached skill level 5 in Maces & Flails
  4548 | D:6      | Reached * piety under Okawaru
  5278 | D:7      | Noticed a wyvern
  5292 | D:7      | Slain by a wyvern

Illustrated notes

Levels and vault maps discovered:
D:1:      psy_arrival_basics, layout_basic, wad_floor_pattern_untrapped,
          item_on_display_a
D:2:      layout_loops_corners, uniq_natasha
D:3:      layout_loops_ring, nicolae_ru_great_annihilating_truth, uniq_robin,
          uniq_terence
D:4:      nicolae_cairo_tiling_large_dashed, layout_loops_ring,
          amethyst_killhole, kennysheep_path_1
D:5:      layout_loops_ring, minmay_temple_entry_poolview
D:6:      layout_gridville, feat_on_display
D:7:      minmay_the_grid_four_pointed_star
          [minmay_the_grid_triangle_9x9_sparse_checkered,
          minmay_the_grid_triangle_9x9_alien,
          minmay_the_grid_triangle_9x9_fully_insulated_deathbox,
          minmay_the_grid_triangle_9x9_shrine,
          minmay_the_grid_prize_shrinking_boxes], layout_rooms, minitemple,
          serial_shops, nicolae_stop_n_shop_2, kennysheep_nub, uniq_menkaure
Temple:   nicolae_temple_bog_church

Skill      XL: |  1  2  3  4  5  6  7  8 |
---------------+-------------------------+-----
Fighting       | 4 5 6 |  6.8
Armour         | 4 5 6 |  6.8
Shields        | 4 5 6 |  6.8
Maces & Flails | 3 4 5 |  5.8

Action                     |  1- 3 |  4- 6 |  7- 9 || total
---------------------------+-------+-------+-------++-------
  Melee: Flail             |   144 |    59 |   118 ||   321
         Demon whip        |       |   133 |       ||   133
    Use: Scroll            |       |     6 |     7 ||    13
   Stab: Paralysed         |       |     1 |       ||     1
 Armour: Scale mail        |    97 |    97 |    79 ||   273
  Dodge: Dodged            |    88 |    63 |    57 ||   208
  Block: Buckler           |    30 |    36 |    50 ||   116

Table legend: (Time is in decaauts)
 A = Elapsed time spent in this place.
 B = Non-inter-level travel time spent in this place.
 C = Inter-level travel time spent in this place.
 D = Time resting spent in this place.
 E = Time spent auto-exploring this place.
 F = Levels seen in this place.
 G = Mean time per level.
                   A        B        C        D        E       F      G
               +--------+--------+--------+--------+--------+-----+--------+
         Total |   5385 |   4989 |    396 |    391 |   3605 |   8 |  673.1 |
       Dungeon |   5198 |   4838 |    360 |    391 |   3470 |   7 |  742.6 |
        Temple |    187 |    152 |     35 |      0 |    134 |   1 |  187.0 |
               +--------+--------+--------+--------+--------+-----+--------+

Top non-repeatable levels by time:
     D:2: 1155 daAuts
     D:3: 1063 daAuts
     D:6: 857 daAuts
     D:5: 769 daAuts
     D:1: 689 daAuts
     D:4: 618 daAuts
  Temple: 187 daAuts
     D:7: 45 daAuts
